Map: Terraform LE (Void)

Players

qxc - Winner!

  • Race: Terran Terran
  • League: Master

PinheadLarry (Astrea)

  • Race: Protoss Protoss
  • League: Diamond

Event: ASL Season 5 Prime League LOTV Beta

VOD

Have the link to the VOD?

Description

Time

  • Played on: Sept. 17, 2015, 8:07 p.m.
  • Length: 17:48

All games in this series

Show
View Real Time Build Order
Export as new Build Order

qxc Terran - Winner!

Build Orders: MMM Bio 

Get SALT Encoding   

  12  0:01  SCV  
  13  0:13  SCV  
  14  0:17  Supply Depot  
  14  0:25  SCV  
  15  0:39  SCV  
  15  0:41  Barracks  
  16  0:44  Refinery  
  16  0:51  SCV  
  17  1:03  SCV  
  18  1:15  SCV  
  19  1:28  Barracks Reactor, Orbital Command  
  19  1:44  Command Center  
  19  1:52  Supply Depot  
  19  1:56  SCV  
  20  2:04  Marine x2  
  22  2:11  Factory  
  22  2:16  SCV  
  22  2:22  Marine x2  
  23  2:28  SCV  
  26  2:36  Refinery  
  26  2:40  SCV, Marine  
  26  2:42  Marine  
  29  2:48  Bunker  
  29  2:52  SCV  
  29  2:55  Factory Tech Lab  
  30  2:59  Marine  
  30  3:00  Supply Depot, Marine  
  32  3:07  SCV  
  33  3:14  Orbital Command  
  33  3:20  Cyclone  
  33  3:23  Marine  
  33  3:26  SCV  
  37  3:31  Mag-Field Accelerator  
  37  3:34  Marine  
  37  3:38  SCV  
  37  3:40  SCV  
  40  3:45  Marine  
  41  3:51  SCV  
  41  3:52  SCV, Marine  
  41  3:53  Cyclone  
  47  4:03  SCV, Marine  
  47  4:05  SCV, Supply Depot  
  50  4:13  Barracks  
  50  4:15  Marine  
  50  4:16  SCV  
  52  4:20  SCV  
  52  4:24  Marine  
  53  4:28  SCV  
  55  4:32  Cyclone  
  55  4:33  Marine  
  55  4:36  SCV  
  60  4:41  SCV  
  59  4:57  Marine x2  
  59  4:59  SCV  
  62  5:09  SCV  
  62  5:12  SCV  
  60  5:20  Command Center  
  60  5:21  SCV  
  58  5:22  Barracks, Marine x2  
  58  5:24  SCV  
  61  5:33  SCV  
  61  5:36  SCV, Stimpack, Engineering Bay  
  61  5:39  Supply Depot  
  61  5:42  Marauder  
  64  5:44  Marine x2  
  64  5:45  SCV  
  64  5:48  SCV  
  68  5:50  Factory Reactor  
  68  5:54  Starport  
  68  5:56  Refinery  
  68  5:57  SCV  
  68  5:59  Supply Depot  
  68  6:03  SCV  
  68  6:04  Supply Depot  
  70  6:05  Marine  
  70  6:06  Marine  
  70  6:09  SCV  
  73  6:14  Barracks Tech Lab  
  73  6:15  SCV, Marauder  
  73  6:16  Terran Infantry Weapons Level 1  
  76  6:23  Missile Turret  
  76  6:24  Missile Turret  
  76  6:25  SCV  
  77  6:26  Marine  
  77  6:27  Marine  
  77  6:28  SCV  
  81  6:32  Combat Shields  
  81  6:34  Marauder  
  81  6:36  Orbital Command  
  82  6:40  SCV  
  82  6:41  Refinery  
  83  6:48  Medivac x2  
  83  6:49  Marine x2  
  83  6:50  Marauder  
  83  6:52  SCV  
  83  6:53  SCV  
  93  6:57  Factory Reactor  
  93  7:02  Marauder  
  93  7:05  SCV x2  
  93  7:07  Barracks  
  93  7:08  Barracks  
  99  7:15  Marauder, Marine x2  
  99  7:17  SCV  
  99  7:18  SCV  
  103  7:28  Missile Turret  
  103  7:29  SCV, Medivac  
  106  7:30  SCV, Missile Turret, Medivac  
  106  7:32  Missile Turret  
  109  7:41  SCV, Orbital Command  
  109  7:42  SCV  
  102  7:47  Widow Mine x2  
  102  7:48  Marine  
  102  7:49  Marauder x2  
  105  7:53  SCV  
  105  7:54  SCV  
  105  8:01  Medivac x2  
  109  8:10  Terran Infantry Armor Level 1  
  109  8:11  Supply Depot  
  109  8:12  Barracks Reactor, Supply Depot  
  109  8:14  Supply Depot  
  109  8:22  Bunker  
  109  8:26  Supply Depot  
  109  8:27  Supply Depot  
  109  8:32  Widow Mine x2  
  109  8:33  SCV x3  
  116  8:36  Marine  
  116  8:37  Armory, Marauder x2, Engineering Bay, Marine  
  116  8:38  Barracks Tech Lab  
  116  8:40  Medivac x2  
  126  8:45  SCV  
  127  8:49  SCV  
  128  8:58  Marauder  
  130  9:04  Refinery  
  130  9:05  Refinery  
  130  9:07  Marauder x2, Marine x3  
  130  9:08  Barracks, Marine  
  130  9:09  Supply Depot  
  138  9:10  Supply Depot x2, Barracks  
  138  9:15  Missile Turret  
  138  9:16  Medivac x2, Widow Mine x2  
  146  9:19  Marauder  
  146  9:23  Supply Depot x2  
  148  9:31  Terran Infantry Weapons Level 2  
  148  9:45  Marauder x2, Marine x2  
  147  9:48  Medivac, Widow Mine x2  
  145  9:59  Marine x3  
  139  10:00  Marine x2  
  139  10:03  Marine  
  138  10:07  Medivac  
  138  10:09  Marauder, Marine x2  
  129  10:26  Widow Mine x2  
  129  10:27  Marine  
  129  10:28  Marauder x2  
  137  10:35  Marauder  
  121  10:46  Orbital Command  
  121  10:48  Marine  
  114  10:52  Marine x2  
  114  10:59  Marine  
  114  11:02  Marine x2  
  117  11:07  Marine  
  117  11:08  Marauder, Marine  
  121  11:11  Marine  
  121  11:14  Marauder  
  122  11:19  Widow Mine  
  122  11:23  SCV x2  
  126  11:26  Marauder  
  126  11:30  Marauder, Marine  
  126  11:31  Marine  
  132  11:38  SCV x2  
  132  11:39  SCV  
  135  11:44  Widow Mine  
  135  11:45  Marauder, Marine x2  
  144  11:55  Terran Infantry Weapons Level 3  
  144  12:00  Marauder, Marine x4  
  144  12:01  Marine  
  148  12:04  Widow Mine  
  154  12:11  Marauder, Marine x2  
  148  12:18  Marine  
  148  12:21  SCV  
  148  12:22  SCV  
  149  12:23  Missile Turret, Marine x2  
  149  12:24  Marauder, Marine  
  153  12:30  Widow Mine  
  153  12:32  Widow Mine, Marine  
  153  12:33  Marauder  
  160  12:44  Medivac  
  160  12:45  Medivac  
  160  12:46  SCV  
  165  13:02  SCV x2, Marine  
  165  13:03  Marauder x2  
  164  13:13  Supply Depot x2, Terran Infantry Armor Level 2  
  164  13:14  Supply Depot  
  164  13:16  Widow Mine x2  
  168  13:22  Supply Depot  
  168  13:28  Ghost Academy  
  168  13:31  Medivac x2  
  169  13:47  Barracks Tech Lab  
  167  13:49  Marine x3  
  167  13:50  Marine  
  163  14:04  Ghost x3  
  163  14:05  Marine  
  170  14:18  Command Center  
  170  14:20  Marine x3  
  170  14:24  Marine x3  
  176  14:41  Ghost x2  
  178  14:47  Ghost  
  178  14:48  Marine x2  
  174  15:05  Widow Mine x2  
  174  15:06  Ghost, Marine x2  
  175  15:09  Ghost  
  168  15:14  Ghost  
  168  15:18  Marine x2  
  172  15:22  Concussive Shells  
  166  15:37  Ghost  
  166  15:38  Marine x3  
  169  15:54  Missile Turret  
  169  15:55  Sensor Tower  
  169  15:56  Ghost  
  171  16:02  Planetary Fortress  
  171  16:04  Marine  
  171  16:07  Bunker  
  147  16:28  Ghost, Marine  
  147  16:29  Marine  
  146  16:43  Widow Mine x2  
  146  16:44  Medivac x2  
  146  16:45  Marauder x2, Marine x4  
  162  16:56  Marine x2  
  162  17:00  Orbital Command  
  161  17:08  Marine  
  161  17:09  Marauder, Marine  
  161  17:14  Marauder, Marine x3  
  162  17:20  Marauder, Marine  
  161  17:26  Marine  
  161  17:30  Marine  
Show
View Real Time Build Order
Export as new Build Order

PinheadLarry Protoss 

Build Orders: 1 Gate Expand 

Get SALT Encoding   

  12  0:00  Probe (Chrono Boost)  
  13  0:10  Probe (Chrono Boost)  
  14  0:17  Pylon  
  14  0:20  Probe (Chrono Boost)  
  15  0:35  Probe (Chrono Boost)  
  16  0:36  Gateway  
  16  0:43  Assimilator  
  16  0:45  Probe (Chrono Boost)  
  17  0:55  Probe (Chrono Boost)  
  18  1:05  Probe (Chrono Boost)  
  19  1:18  Nexus  
  19  1:27  Cybernetics Core  
  19  1:30  Probe (Chrono Boost)  
  20  1:40  Probe (Chrono Boost), Assimilator  
  21  1:47  Pylon  
  21  1:50  Probe (Chrono Boost)  
  22  2:00  Probe (Chrono Boost)  
  23  2:04  Warp Gate  
  23  2:05  Adept  
  25  2:13  Mothership Core (Chrono Boost)  
  27  2:31  Probe (Chrono Boost)  
  27  2:34  Robotics Facility  
  28  2:38  Probe (Chrono Boost)  
  28  2:41  Probe (Chrono Boost)  
  30  2:47  Probe (Chrono Boost)  
  30  2:51  Probe (Chrono Boost), Adept  
  34  2:57  Probe (Chrono Boost)  
  35  3:00  Probe (Chrono Boost)  
  35  3:03  Pylon  
  36  3:07  Probe (Chrono Boost)  
  36  3:10  Probe (Chrono Boost)  
  38  3:17  Probe (Chrono Boost)  
  39  3:21  Observer  
  39  3:24  Probe (Chrono Boost)  
  41  3:27  Probe (Chrono Boost), Stargate  
  41  3:33  Assimilator  
  41  3:34  Probe (Chrono Boost), Assimilator  
  42  3:37  Probe (Chrono Boost)  
  44  3:44  Probe (Chrono Boost)  
  44  3:45  Observer  
  44  3:47  Probe (Chrono Boost)  
  47  3:52  Gateway x2  
  47  3:54  Probe (Chrono Boost)  
  48  3:57  Probe (Chrono Boost)  
  49  4:04  Probe (Chrono Boost)  
  49  4:07  Probe (Chrono Boost), Twilight Council  
  51  4:16  Phoenix  
  52  4:17  Probe (Chrono Boost)  
  52  4:20  Pylon  
  53  4:26  Pylon  
  53  4:38  Pylon  
  53  4:40  Adept  
  53  4:41  Probe x2 (Chrono Boost), Pylon  
  53  4:57  Probe (Chrono Boost)  
  53  4:58  Adept x2  
  53  4:59  Mothership Core (Chrono Boost)  
  56  5:00  Adept  
  58  5:11  Probe (Chrono Boost)  
  57  5:17  Probe (Chrono Boost)  
  57  5:19  Adept x2  
  58  5:22  Adept  
  58  5:23  Probe (Chrono Boost)  
  58  5:25  Shield Upgrade  
  58  5:27  Pylon  
  61  5:34  Forge  
  61  5:36  Gateway  
  61  5:38  Gateway  
  61  5:40  Gateway  
  61  5:45  Pylon  
  61  5:46  Robotics Bay  
  61  5:51  Pylon  
  61  5:55  Protoss Ground Weapons Level 1 (Chrono Boost)  
  61  5:58  Nexus  
  61  6:02  Probe x2 (Chrono Boost), Observer  
  64  6:07  Pylon  
  64  6:12  Probe x2 (Chrono Boost)  
  64  6:16  Blink  
  66  6:23  Probe  
  66  6:24  Probe  
  68  6:30  Adept x3  
  74  6:33  Pylon  
  74  6:35  Disruptor (Chrono Boost)  
  74  6:36  Probe x2  
  79  6:43  Assimilator  
  79  6:46  Assimilator  
  78  6:49  Probe x2  
  80  6:55  Adept x3  
  86  7:02  Probe  
  87  7:09  Probe  
  87  7:10  Photon Cannon  
  87  7:11  Warp Prism (Chrono Boost)  
  87  7:12  Probe  
  87  7:14  Probe  
  92  7:20  Adept x2  
  92  7:21  Probe  
  97  7:23  Adept  
  97  7:27  Adept  
  101  7:34  Adept x2  
  103  7:46  Adept x3  
  101  7:56  Protoss Ground Weapons Level 2  
  101  8:03  Disruptor (Chrono Boost), Phoenix  
  106  8:08  Adept x4  
  106  8:09  Adept x2  
  118  8:13  Pylon  
  118  8:14  Pylon  
  118  8:23  Templar Archives  
  118  8:28  Pylon  
  118  8:32  Disruptor (Chrono Boost)  
  120  8:36  Pylon  
  120  8:39  Adept  
  120  8:40  Adept x5  
  132  8:55  Nexus  
  132  9:02  Observer (Chrono Boost)  
  132  9:05  Phoenix  
  132  9:06  High Templar x2  
  132  9:07  High Templar x4  
  147  9:22  Gateway  
  147  9:24  Gateway  
  147  9:26  Gateway  
  147  9:28  Gateway  
  147  9:29  Pylon  
  147  9:30  Archon x3  
  144  9:45  Adept x6  
  136  10:05  Adept x4  
  136  10:06  Adept x2  
  128  10:33  Adept x3  
  128  10:34  Adept x3  
  128  10:35  Mothership Core  
  117  10:45  Nexus, Disruptor (Chrono Boost)  
  113  11:02  Probe x2  
  115  11:13  High Templar x3  
  115  11:14  Stalker x3, Disruptor (Chrono Boost)  
  130  11:23  Archon  
  120  11:39  Nexus  
  120  11:52  Pylon  
  120  11:53  Pylon  
  120  12:08  Pylon  
  120  12:22  Stalker  
  112  12:23  High Templar x4  
  112  12:25  Archon x2  
  116  12:31  Stalker  
  112  12:44  Stalker  
  112  13:14  Adept x3  
  118  13:21  Nexus  
  118  13:38  Pylon x2  
  118  13:40  Pylon  
  118  13:45  Disruptor (Chrono Boost)  
  114  14:01  Adept x5  
  116  14:15  Observer (Chrono Boost)  
  117  14:21  Adept x5  
  125  14:33  Adept x4  
  125  14:34  Adept  
  135  14:45  Adept x2  
  135  14:46  Adept  
  112  15:00  Adept x3  
  112  15:01  Adept x2  
  112  15:15  Disruptor (Chrono Boost)  
  109  15:32  Adept  
  109  15:33  Adept x7  
  111  15:53  Mothership Core  
  111  15:55  Probe  
  113  15:57  Probe, Disruptor (Chrono Boost)  
  118  16:10  Probe, Adept x4  
  125  16:25  Adept x3  
  79  16:44  High Templar x2  
  83  16:48  Assimilator x2  
  56  17:11  Adept x5  
  56  17:12  Adept  
  66  17:20  Adept  
  66  17:21  Adept  
  66  17:30  Adept  
  66  17:31  Adept x3  
  66  17:32  Adept x2  
Tags
 
Add a new tag
Caveats
  • Supply blocks, unpowered buildings, or Contaminate may cause inaccurate times.
  • Supply counts are checked every 10 seconds.